 Dungeon Sprint DCSS version 0.31-a0-960-g0fca184906 (webtiles) character file.

Game seed: 13282828854748723145

24936 sircluck the Brawler (level 12, 0/146 HPs)
             Began as a Troll Berserker on Oct 23, 2023.
             Was a Priest of Trog.
             Killed from afar by a nagaraja (28 damage)
             ... with a bolt of poison
             ... in the Dungeon (Sprint VII: "The Pits").
             The game lasted 00:05:30 (1597 turns).

sircluck the Brawler (Troll Berserker)              Turns: 1597, Time: 00:05:32

Health: 0/146      AC: 19    Str: 32    XL:     12   Next: 85%
Magic:  9/9        EV: 12    Int:  6    God:    Trog [***...]
Gold:   0          SH:  0    Dex:  9    Spells: 11/11 levels left

rFire   . .          .
                       - Unarmed
rCold   x . .        (no shield)
rNeg    + . .        q - +1 pearl dragon scales
rPois   .            (helmet restricted)
rElec   .            k - +0 cloak
rCorr   .            (gloves unavailable)
SInv    .            (boots unavailable)
Will    .....        (no amulet) Stlth
                     l - +3 ring of intelligence
HPRegen 1.24/turn    m - +3 ring of protection
MPRegen 0.11/turn

%: no teleportation
@: lethally poisoned (0 -> -19), weak-willed
A: large, unfitting armour, claws 3, regeneration 1, shaggy fur 1, tough skin 1,
low MP 1, cold vulnerability 1
a: Renounce Religion, Berserk, Trog's Hand


You were in the Dungeon.
You worshipped Trog.
Trog was most pleased with you.
You visited 1 branch

Inventory:

Armour
 a - a +0 animal skin
 k - a +0 cloak (worn)
 n - a +2 robe of cold resistance
 o - a +0 troll leather armour
 q - +1 pearl dragon scales (worn)
Jewellery
 l - a +3 ring of intelligence (left claw)
 m - a +3 ring of protection (right claw)
Scrolls
 g - a scroll of blinking
 i - 2 scrolls of vulnerability
 j - a scroll of summoning
Potions
 b - 4 potions of curing
 c - 14 potions of heal wounds
 d - a potion of haste
 e - 4 potions of magic
 f - 4 potions of berserk rage
 h - 2 potions of invisibility


   Skills:
 + Level 16.7 Fighting
 + Level 5.4 Armour
 + Level 16.5 Dodging
 + Level 19.4 Unarmed Combat


You had 11 spell levels left.
You didn't know any spells.
Your spell library was empty.

Dungeon Overview and Level Annotations

Branches:
Dungeon (1/1)

Altars:
Ashenzari
Cheibriados
Dithmenos
Elyvilon
Fedhas
Gozag
Hepliaklqana
Kikubaaqudgha
Makhleb
Nemelex Xobeh
Okawaru
Qazlal
Ru
Sif Muna
Trog
Uskayaw
Vehumet
Wu Jian
Xom
Yredelemnul
Zin
The Shining One
Jiyva
Lugonu


Innate Abilities, Weirdness & Mutations

You are too large for most types of armour.
You have claws for hands.
Your natural rate of healing is unusually fast.
You are covered in fur. (AC +1)
You have tough skin. (AC +1)
Your magical capacity is low. (-10% MP)
You are vulnerable to cold. (rC-)


Message History

You hear a bellow!
A nagaraja comes into view. It is wielding a +0 club.
You hear a trumpeting!
Unknown command.
Unknown command.
Your ogre goes berserk!
Trog will no longer gift you weapons.
The nagaraja gestures at you while chanting.
The poison arrow hits you!!!
You are poisoned.
You feel extremely sick.
The nagaraja gestures at you while chanting.
The poison arrow hits your ogre!!!
Your ogre looks as sick as possible!
Your ogre dies!
Your ogre's corpse disappears in a puff of smoke!
You fail to use your ability.
You feel very sick.
The nagaraja casts a spell.
The nagaraja seems to speed up.
Unknown command.
You fail to use your ability.
You feel very sick. The nagaraja spits poison at you.
The splash of poison hits you!
You are more poisoned.
* * * LOW HITPOINT WARNING * * *
Your polar bear goes berserk!
You can no longer call in reinforcements.
You feel very sick. The nagaraja spits poison at you.
The splash of poison hits you but does no damage.
You are lethally poisoned!
Unknown command.
You feel better.
You are no longer corroded.
The nagaraja casts a spell at you. The bolt of poison hits you!!
You are poisoned.
You die...

# # # + + #
#######################
#.....h..............++
#.....@.†N...........++
#..#######E########..## #..# #C#
#..## #..# #:# #..## #..# #!#
#..## #..# #.# #..## #..# #.#
#..## #..################..##
###########....................##


You could see a nagaraja (fast, empowered, catching breath, ally target), a
water elemental and a friendly polar bear (summoned, berserk).

Vanquished Creatures
  An ancient lich (D)
  An orb of fire (D)
  Boris (D)
  A titan (D)
  A nagaraja (D)
  An emperor scorpion (D)
  A green draconian (D)
  A deep elf high priest (D)
  A boulder beetle (D)
  A demonic crawler (D)
  A spriggan (D)
  An iron troll (D)
  A flayed ghost (D)
  2 deep trolls (D)
  A deep elf pyromancer (D)
  A deep elf zephyrmancer (D)
  A phantasmal warrior (D)
  A wolf spider (D)
  A guardian serpent (D)
  An orange demon (D)
  2 cane toads (D)
  A hornet (D)
  4 blink frogs (D)
  A glass eye (D)
  A flying skull (D)
  2 wyverns (D)
  A bullfrog (D)
  A necrophage (D)
  5 wights (D)
  Crazy Yiuf (D)
  An iguana (D)
  A hell rat (D)
  A mummy (D)
  An adder (D)
  A white imp (D)
  An endoplasm (D)
  3 jackals (D)
  A kobold (D)
  3 ball pythons (D)
  A ball python zombie (D)
  A bat (D)
  2 frilled lizards (D)
  2 goblins (D)
  A rat (D)
60 creatures vanquished.

Vanquished Creatures (collateral kills)
  A catoblepas (D)
  3 deep troll shamans (D)
  A sun demon (D)
  A guardian serpent (D)
  A rust devil (D)
  A yak (D)
  3 jackals (D)
11 creatures vanquished.

Grand Total: 71 creatures vanquished

Notes
Turn   | Place    | Note
-------+----------+-------------------------------------------
     0 | D        | sircluck the Troll Berserker began the quest for the Orb.
     0 | D        | Reached XP level 1. HP: 22/22 MP: 0/0
    11 | D        | Noticed a glass eye
    26 | D        | Killed a glass eye
    27 | D        | Reached skill level 5 in Fighting
    27 | D        | Reached skill level 5 in Dodging
    27 | D        | Reached skill level 6 in Unarmed Combat
    27 | D        | Reached XP level 2. HP: 36/36 MP: 1/1
    27 | D        | Reached XP level 3. HP: 44/44 MP: 2/2
    27 | D        | Reached XP level 4. HP: 52/52 MP: 3/3
    27 | D        | Reached XP level 5. HP: 59/59 MP: 4/4
    35 | D        | Found a bloodstained altar of Trog.
    35 | D        | Found a shimmering blue altar of Sif Muna.
    35 | D        | Found a viscous altar of Jiyva.
    35 | D        | Found a hazy altar of Hepliaklqana.
    35 | D        | Found an opulent altar of Gozag.
    36 | D        | Found a glowing golden altar of the Shining One.
    36 | D        | Found a glowing silver altar of Zin.
    36 | D        | Found a basalt altar of Yredelemnul.
    36 | D        | Found a shimmering altar of Xom.
    36 | D        | Found an ornate altar of the Wu Jian Council.
    36 | D        | Found a sacrificial altar of Ru.
    36 | D        | Found a stormy altar of Qazlal.
    36 | D        | Found an iron altar of Okawaru.
    36 | D        | Found a sparkling altar of Nemelex Xobeh.
    36 | D        | Found a burning altar of Makhleb.
    36 | D        | Found a blossoming altar of Fedhas.
    36 | D        | Found a white marble altar of Elyvilon.
    36 | D        | Found a shadowy altar of Dithmenos.
    36 | D        | Found a snail-covered altar of Cheibriados.
    38 | D        | Found a radiant altar of Vehumet.
    38 | D        | Found a corrupted altar of Lugonu.
    39 | D        | Found a hide-covered altar of Uskayaw.
    39 | D        | Found an ancient bone altar of Kikubaaqudgha.
    39 | D        | Found a broken altar of Ashenzari.
    81 | D        | Reached skill level 7 in Unarmed Combat
    82 | D        | Reached ** piety under Trog
   101 | D        | Reached *** piety under Trog
   108 | D        | Reached **** piety under Trog
   218 | D        | Reached skill level 8 in Unarmed Combat
   218 | D        | Reached XP level 6. HP: 65/68 MP: 5/5
   224 | D        | Reached ***** piety under Trog
   246 | D        | Noticed Crazy Yiuf
   255 | D        | Killed Crazy Yiuf
   311 | D        | Reached skill level 9 in Unarmed Combat
   312 | D        | Received a gift from Trog
   335 | D        | Noticed a boulder beetle
   402 | D        | Killed a boulder beetle
   403 | D        | Reached skill level 10 in Unarmed Combat
   403 | D        | Reached XP level 7. HP: 24/83 MP: 6/6
   403 | D        | Reached XP level 8. HP: 26/92 MP: 7/7
   447 | D        | Noticed a flying skull
   448 | D        | Killed a flying skull
   449 | D        | Reached skill level 11 in Unarmed Combat
   464 | D        | Noticed a blink frog
   464 | D        | Noticed a blink frog
   464 | D        | Noticed a blink frog
   464 | D        | Noticed a demonic crawler
   471 | D        | Noticed a blink frog
   472 | D        | Killed a blink frog
   477 | D        | Killed a blink frog
   478 | D        | Reached skill level 10 in Fighting
   478 | D        | Reached skill level 10 in Dodging
   485 | D        | Killed a demonic crawler
   485 | D        | Received a gift from Trog
   486 | D        | Reached skill level 12 in Unarmed Combat
   486 | D        | Reached XP level 9. HP: 32/102 MP: 8/8
   486 | D        | Reached ****** piety under Trog
   596 | D        | Noticed a cane toad
   596 | D        | Noticed an orange demon
   606 | D        | Killed a cane toad
   607 | D        | Reached skill level 13 in Unarmed Combat
   661 | D        | Noticed a spriggan rider
   661 | D        | Noticed a deep elf zephyrmancer
   668 | D        | Killed a deep elf zephyrmancer
   672 | D        | Killed a spriggan rider
   673 | D        | Reached XP level 10. HP: 110/115 MP: 9/9
   674 | D        | Reached skill level 14 in Unarmed Combat
   732 | D        | Killed an orange demon
   732 | D        | Received a gift from Trog
   739 | D        | Noticed a nagaraja
   740 | D        | Noticed a sun demon
   747 | D        | Killed a sun demon
   754 | D        | Killed a nagaraja
   811 | D        | Noticed a deep elf pyromancer
   820 | D        | Killed a deep elf pyromancer
   821 | D        | Reached skill level 15 in Unarmed Combat
   847 | D        | Noticed a guardian serpent
   847 | D        | Noticed a catoblepas
   850 | D        | Killed a guardian serpent
   850 | D        | Received a gift from Trog
   855 | D        | Killed a catoblepas
   864 | D        | Noticed an orb of fire
   864 | D        | Gained mutation: You are vulnerable to cold. (rC-) [an orb
                  | of fire]
   877 | D        | Gained mutation: Your magical capacity is low. (-10% MP)
                  | [an orb of fire]
   880 | D        | Killed an orb of fire
   881 | D        | Reached skill level 16 in Unarmed Combat
   881 | D        | Reached XP level 11. HP: 130/130 MP: 8/8
   884 | D        | Noticed an ancient lich
   905 | D        | Killed an ancient lich
   905 | D        | Received a gift from Trog
   906 | D        | Reached skill level 15 in Fighting
   906 | D        | Reached skill level 17 in Unarmed Combat
  1095 | D        | Noticed a titan
  1100 | D        | Killed a titan
  1101 | D        | Reached skill level 15 in Dodging
  1203 | D        | Noticed Boris
  1213 | D        | Killed Boris
  1214 | D        | Reached skill level 18 in Unarmed Combat
  1214 | D        | Reached XP level 12. HP: 144/144 MP: 9/9
  1340 | D        | Noticed a deep troll shaman
  1341 | D        | Noticed a deep troll shaman
  1341 | D        | Killed a deep troll shaman
  1341 | D        | Received a gift from Trog
  1342 | D        | Noticed a deep troll shaman
  1343 | D        | Killed a deep troll shaman
  1348 | D        | Killed a deep troll shaman
  1349 | D        | Reached skill level 1 in Armour
  1423 | D        | Got the ring "Veaqex" {rElec Will+ Int+6 Dex+2 Slay-4}
  1548 | D        | Noticed an emperor scorpion
  1548 | D        | Noticed a green draconian
  1560 | D        | Killed an emperor scorpion
  1561 | D        | Reached skill level 19 in Unarmed Combat
  1580 | D        | Killed a green draconian
  1582 | D        | Noticed a deep elf high priest
  1589 | D        | Reached skill level 5 in Armour
  1590 | D        | Killed a deep elf high priest
  1590 | D        | Noticed a nagaraja
  1597 | D        | Killed from afar by a nagaraja

Illustrated notes

Levels and vault maps discovered:
D:        pitsprint [storerooms_1, entrance_room_1, metal_vault_2, armoury_1,
          mini_pit_1, grid_room_1, main_hall_1, silver_pit, the_coven_1,
          the_vestibule_1, steel_vault_4, golden_pit, hallway_of_sentries,
          crystal_vault_2, iron_vault_1, final_vault]

Skill      XL: |  1  2  3  4  5  6  7  8  9 10 11 12 |
---------------+-------------------------------------+-----
Fighting       | 5 6 9 10 12 14 15 16 | 16.7
Dodging        | 5 6 9 10 11 14 15 16 | 16.5
Unarmed Combat | 6 8 10 12 13 16 18 19 | 19.4
Armour         | 5 |  5.4

Action                     |  1- 3 |  4- 6 |  7- 9 | 10-12 || total
---------------------------+-------+-------+-------+-------++-------
  Melee: Unarmed           |    14 |    57 |    40 |    89 ||   200
         Punch             |       |     3 |     1 |     5 ||     9
 Invoke: Berserk           |       |     1 |     2 |     3 ||     6
         Brothers in Arms  |       |       |       |     9 ||     9
    Use: Potion            |       |       |       |     6 ||     6
   Stab: Sleeping          |       |     1 |       |       ||     1
 Armour: Animal skin       |       |    37 |    29 |    30 ||    96
         Pearl dragon scal |       |       |       |    60 ||    60
         Robe              |       |       |       |     7 ||     7
  Dodge: Dodged            |       |    23 |    19 |    58 ||   100

Table legend: (Time is in decaauts)
 A = Elapsed time spent in this place.
 B = Non-inter-level travel time spent in this place.
 C = Inter-level travel time spent in this place.
 D = Time resting spent in this place.
 E = Time spent auto-exploring this place.
 F = Levels seen in this place.
 G = Mean time per level.
                   A        B        C        D        E       F      G
               +--------+--------+--------+--------+--------+-----+--------+
         Total |   1614 |   1493 |    121 |    737 |    110 |   1 | 1614.0 |
       Dungeon |   1614 |   1493 |    121 |    737 |    110 |   1 | 1614.0 |
               +--------+--------+--------+--------+--------+-----+--------+

Top non-repeatable levels by time:
       D: 1614 daAuts
